 Dungeon Crawl Stone Soup version 0.30-a0-34-gbe8da3892a (webtiles) character file.

Game seed: 8827126825183322959

72 pokeman the Magician (level 4, -2/25 HPs)
             Began as a Deep Elf Hedge Wizard on Aug 27, 2022.
             Slain by an adder (3 damage)
             ... on level 2 of the Dungeon.
             The game lasted 00:03:21 (2614 turns).

pokeman the Magician (Deep Elf Hedge Wizard)        Turns: 2614, Time: 00:03:21

Health: -2/25      AC:  3    Str:  7    XL:     4   Next: 6%
Magic:  3/13       EV: 16    Int: 21    God:
Gold:   167        SH:  0    Dex: 14    Spells: 3/14 levels left

rFire   . . .      SeeInvis .    b - +0 spear
rCold   . . .      Faith    .    (no shield)
rNeg    . . .      Spirit   .    f - +0 leather armour
rPois   .          Reflect  .    c - +0 hat
rElec   .          Harm     .    (no cloak)
rCorr   .          Rampage  .    (no gloves)
Will    .....                    (no boots)
Stlth   ++........               (no amulet)
HPRegen 0.08/turn                p - +4 ring of evasion
MPRegen 0.13/turn                (no ring)

@: mighty, lethally poisoned (-2 -> -8), flying
A: no striking features
a: no special abilities


You were on level 2 of the Dungeon.
You visited 1 branch of the dungeon, and saw 2 of its levels.

You collected 167 gold pieces.

Inventory:

Hand Weapons
 b - a +0 spear (weapon)
Armour
 c - a +0 hat (worn)
 f - a +0 leather armour (worn)
Jewellery
 p - a +4 ring of evasion (left hand)
Scrolls
 a - a scroll of blinking {unknown}
 e - 5 scrolls of identify {unknown}
 h - 2 scrolls of amnesia {unknown}
 i - a scroll of teleportation {unknown}
 m - a scroll of enchant weapon {unknown}
 n - a scroll of enchant armour {unknown}
 o - a scroll of immolation {unknown}
Potions
 d - 2 potions of magic
 k - a potion of heal wounds {unknown}
 l - a potion of degeneration {unknown}


   Skills:
 - Level 1.0 Fighting
 - Level 1.0 Armour
 + Level 2.5 Dodging
 + Level 2.5 Stealth
 * Level 5.5 Spellcasting
 + Level 2.1 Conjurations
 - Level 1.1 Summonings
 - Level 1.1 Translocations


You had 3 spell levels left.
You knew the following spells:

 Your Spells              Type           Power      Damage    Failure   Level
a - Magic Dart            Conj           56%        1d5       6%          1
b - Mephitic Cloud        Conj/Pois/Air  8%         N/A       32%         3
c - Call Imp              Summ           10%        N/A       14%         2
d - Blink                 Tloc           20%        N/A       14%         2
e - Conjure Flame         Conj/Fire      10%        6-21      28%         3

Your spell library contained the following spells:

 Spells                   Type           Power      Damage    Failure   Level
 Slow                     Hex            20%        N/A       16%         1


Dungeon Overview and Level Annotations

Branches:
Dungeon (2/15)

Altars:


Message History

Aim: an adder (severely wounded, 100% to hit)
The magic dart hits the adder.
The adder is almost dead.
You feel sick. The adder misses you. The adder bites you but does no damage.
Unknown command.
Casting: Magic Dart (safe; 7% risk of failure)
Confirm with . or Enter, or press ? or * to list all spells.
Aiming: Magic Dart (safe; 7% risk of failure)
Press: ? - help, Shift-Dir - straight line, f/p - adder
Aim: an adder (almost dead, 100% to hit)
The magic dart hits the adder but does no damage.
The adder is almost dead.
You feel sick. The adder bites you. x2
You are lethally poisoned!
The adder poisons you! The adder closely misses you.
Your magical contamination has completely faded away.
Casting: Magic Dart (safe; 7% risk of failure)
Confirm with . or Enter, or press ? or * to list all spells.
Aiming: Magic Dart (safe; 7% risk of failure)
Press: ? - help, Shift-Dir - straight line, f/p - adder
Aim: an adder (almost dead, 100% to hit)
The magic dart hits the adder.
You kill the adder!
* * * LOW HITPOINT WARNING * * *
You feel very sick. The adder bites you.
* * * LOW HITPOINT WARNING * * *
The adder barely misses you.
You have reached level 4!
You feel clever.
It was a potion of flight.
You feel very buoyant.
You fly up into the air.
* * * LOW HITPOINT WARNING * * *
You feel sick. The adder closely misses you.
It was a potion of might.
You feel very mighty all of a sudden.
* * * LOW HITPOINT WARNING * * *
You feel sick. The adder bites you.
You die...

######. ##### .......
....... #.... ......?
..~..... #.#.###.....~.
.~P~~..~ #.#.##..~~~≈~~
P≈≈≈~~~~ #.#...@.P~~≈≈≈
≈≈≈~~~≈≈
###.#..~S.~~≈≈≈≈
≈≈~~~P~~
###.......~~≈≈≈≈≈≈
~≈~~.~..
#.......~~~≈≈≈≈P≈~
~~~.....
######......~.~≈≈g~~~~P
....##.
#..........~~≈≈≈~P~~...
. #.
#.#####...~~P≈≈≈~......
## #.#
#....~≈≈~~.~(.#.# # #.#
#..~~≈≈≈≈~~... #


You could see an adder and a hobgoblin.

Vanquished Creatures
  3 adders (D:2)
  A dart slug (D:2)
  4 ball pythons
  3 endoplasms
  3 giant cockroaches (D:1)
  A goblin (D:1)
  A hobgoblin (D:2)
  3 jackals (D:1)
  4 kobolds
  3 quokkas
  8 bats
  A frilled lizard (D:1)
  3 rats (D:1)
38 creatures vanquished.

Vanquished Creatures (others)
  6 plants (D:2)
6 creatures vanquished.

Grand Total: 44 creatures vanquished

Notes
Turn   | Place    | Note
-------+----------+-------------------------------------------
     0 | D:1      | pokeman the Deep Elf Hedge Wizard began the quest for the
                  | Orb.
     0 | D:1      | Reached XP level 1. HP: 10/10 MP: 7/7
   478 | D:1      | Reached XP level 2. HP: 16/16 MP: 7/9
  1219 | D:1      | Reached skill level 5 in Spellcasting
  1269 | D:1      | Found a faded altar of an unknown god.
  1722 | D:2      | Reached XP level 3. HP: 20/20 MP: 5/11
  1726 | D:2      | Learned a level 3 spell: Mephitic Cloud
  1729 | D:2      | Learned a level 2 spell: Call Imp
  1732 | D:2      | Learned a level 2 spell: Blink
  1736 | D:2      | Learned a level 3 spell: Conjure Flame
  2311 | D:2      | Reached skill level 1 in Fighting
  2311 | D:2      | Reached skill level 1 in Armour
  2613 | D:2      | Reached XP level 4. HP: 4/25 MP: 3/13
  2614 | D:2      | HP: 1/25 [poisoned by an adder]
  2614 | D:2      | Slain by an adder

Illustrated notes

Levels and vault maps discovered:
D:1:      dpeg_arrival_arbitrary_c, layout_basic,
          hellmonk_ecumenical_altar_defaced_shrine
D:2:      layout_loops_ring, serial_forest, infiniplex_forest_diagonal,
          infiniplex_forest_clump_small, infiniplex_forest_clump_tiny,
          infiniplex_forest_end_double, infiniplex_forest_lined_corner,
          infiniplex_forest_end_2, infiniplex_forest_clump_diagonal,
          chequers_big_river

Skill      XL: |  1  2  3 |
---------------+----------+-----
Spellcasting   | 5 |  5.5
Conjurations   | 2 |  2.1
Fighting       | 1 |  1.0
Armour         | 1 |  1.0
Dodging        | |  2.5
Stealth        | |  2.5
Summonings     | |  1.1
Translocations | |  1.1

Action                   |  1- 3 |  4- 6 || total
-------------------------+-------+-------++-------
Melee: Spear             |     8 |       ||     8
 Cast: Magic Dart        |   114 |       ||   114
  Use: Potion            |       |     2 ||     2
Armor: Robe              |     1 |       ||     1
       Leather armour    |     7 |       ||     7
Dodge: Dodged            |    28 |     1 ||    29

Table legend: (Time is in decaauts)
 A = Elapsed time spent in this place.
 B = Non-inter-level travel time spent in this place.
 C = Inter-level travel time spent in this place.
 D = Time resting spent in this place.
 E = Time spent auto-exploring this place.
 F = Levels seen in this place.
 G = Mean time per level.
                   A        B        C        D        E       F      G
               +--------+--------+--------+--------+--------+-----+--------+
         Total |   2613 |   2591 |     22 |     32 |   2299 |   2 | 1306.5 |
       Dungeon |   2613 |   2591 |     22 |     32 |   2299 |   2 | 1306.5 |
               +--------+--------+--------+--------+--------+-----+--------+

Top non-repeatable levels by time:
     D:1: 1705 daAuts
     D:2: 908 daAuts
